 Dungeon Crawl Stone Soup version 0.28-a0-556-gab23d0e057 (webtiles) character file.

Game seed: 5897116812352830769

7 Zenkrye the Skirmisher (level 1, 0/19 HPs)
             Began as a Palentonga Fighter on Sept 28, 2021.
             Succumbed to a kobold's poison
             ... on level 1 of the Dungeon.
             The game lasted 00:00:32 (102 turns).

Zenkrye the Skirmisher (Palentonga Fighter)          Turns: 102, Time: 00:00:33

Health: 0/19       AC:  6    Str: 19    XL:     1   Next: 91%
Magic:  1/1        EV:  7    Int:  8    God:
Gold:   0          SH:  4    Dex:  9    Spells: 0/0 levels left

rFire   . . .      SeeInvis +   a - +0 war axe
rCold   . . .      Faith    .   c - +0 buckler
rNeg    . . .      Spirit   .   b - +0 scale mail
rPois   .          Reflect  .   (no helmet)
rElec   .          Harm     .   (no cloak)
rCorr   .          Rampage  .   (no gloves)
Will    .....                   (no barding)
Stlth   ..........              (no amulet)
HPRegen 0.06/turn               (no ring)
MPRegen 0.07/turn               (no ring)

@: lethally poisoned (0 -> -9)
A: large, rugged brown scales 3, see invisible, deformed body, roll 1, armoured
tail
a: Rolling Charge


You were on level 1 of the Dungeon.
You visited 1 branch of the dungeon, and saw 1 of its levels.

Inventory:

Hand Weapons
 a - a +0 war axe (weapon)
Armour
 b - a +0 scale mail (worn)
 c - a +0 buckler (worn)
Potions
 d - a potion of might {@q4}


   Skills:
 - Level 3.0 Fighting
 + Level 2.7 Axes
 - Level 2.4 Armour
 - Level 2.4 Shields


You couldn't memorise any spells.
You didn't know any spells.
Your spell library was empty.

Dungeon Overview and Level Annotations

Branches:
Dungeon (1/15)

Altars:


Innate Abilities, Weirdness & Mutations

You are completely covered in rugged brown scales. (AC +3, +7% HP)
You have supernaturally acute eyesight. (SInv)
Armour fits poorly on your strangely shaped body.
You can roll at nearby foes to attack.
You have a long armoured tail.


Message History

You kill the frilled lizard!
You hit the hobgoblin.
The hobgoblin hits you but does no damage.
You hit the hobgoblin but do no damage.
The hobgoblin is severely wounded.
You barely miss the gnoll. The hobgoblin barely misses you.
The gnoll hits you but does no damage. The hobgoblin hits you.
You hit the hobgoblin.
You kill the hobgoblin!
You closely miss the gnoll. The gnoll closely misses you.
The gnoll hits you with a +0 whip.
You closely miss the gnoll.
Your tail-slap misses the gnoll.
You barely miss the kobold. The kobold hits you but does no damage.
You are poisoned.
The gnoll hits you with a +0 whip.
You hit the gnoll.
The gnoll is moderately wounded.
You miss the kobold.
You feel very sick. You block the kobold's attack.
The gnoll hits you with a +0 whip!
* * * LOW HITPOINT WARNING * * *
The kobold hits you but does no damage.
You are more poisoned.
Unknown command.
It was a potion of curing.
You feel better. The gnoll hits you with a +0 whip.
* * * LOW HITPOINT WARNING * * *
You block the kobold's attack.
You feel better. The gnoll hits you but does no damage.
The kobold hits you with a +0 short sword of venom.
You are lethally poisoned!
You slash the kobold!
You kill the kobold!
You hit the gnoll.
* * * LOW HITPOINT WARNING * * *
You feel very sick. The gnoll completely misses you.
The gnoll hits you with a +0 whip.
* * * LOW HITPOINT WARNING * * *
You slash the gnoll!
You kill the gnoll!
You die...

#...........# #.#
#.#.#######.# #.#
#.#.# #.# ..#
#.#.#### #.# ###
#.#....# #.#
#.####.# .# #.
#.# ### #.
#.####...#.#
#...@)......
#.........)......
######..#####.#.#
#..# # #... ##..
##.# .#


There were no monsters in sight!

Vanquished Creatures
  A gnoll (D:1)
  A dart slug (D:1)
  A goblin (D:1)
  A hobgoblin (D:1)
  A frilled lizard (D:1)
  A kobold (D:1)
  A rat (D:1)
7 creatures vanquished.

Vanquished Creatures (others)
  2 plants (D:1)
2 creatures vanquished.

Grand Total: 9 creatures vanquished

Notes
Turn   | Place    | Note
-------+----------+-------------------------------------------
     0 | D:1      | Zenkrye the Palentonga Fighter began the quest for the Orb.
     0 | D:1      | Reached XP level 1. HP: 19/19 MP: 1/1
   102 | D:1      | Succumbed to a kobold's poison

Illustrated notes

Levels and vault maps discovered:
D:1:      eino_arrival_tree_alley, layout_loops_ring

Action                   || total
-------------------------++-------
Melee: War axe           ||    15
       Tailslap          ||     2
  Use: Potion            ||     2
Armor: Scale mail        ||     7
Dodge: Dodged            ||     6
Block: Buckler           ||     3

Table legend: (Time is in decaauts)
 A = Elapsed time spent in this place.
 B = Non-inter-level travel time spent in this place.
 C = Inter-level travel time spent in this place.
 D = Time resting spent in this place.
 E = Time spent auto-exploring this place.
 F = Levels seen in this place.
 G = Mean time per level.
                   A        B        C        D        E       F      G
               +--------+--------+--------+--------+--------+-----+--------+
         Total |    107 |    107 |      0 |      0 |     73 |   1 |  107.0 |
       Dungeon |    107 |    107 |      0 |      0 |     73 |   1 |  107.0 |
               +--------+--------+--------+--------+--------+-----+--------+

Top non-repeatable levels by time:
     D:1: 107 daAuts
